 Dungeon Crawl Stone Soup version 0.29.0-11-gd7f09526c8 (webtiles) character file.

Game seed: 8821546875860536514

60 pacmanke6689 the Covered (level 4, -1/35 HPs)
             Began as a Human Fighter on Sept 5, 2022.
             Slain by a goblin
             ... wielding a +0 dagger
             ... led by Robin
              (2 damage)
             ... on level 2 of the Dungeon.
             The game lasted 00:03:51 (1668 turns).

pacmanke6689 the Covered (Human Fighter)            Turns: 1668, Time: 00:03:53

Health: -1/35      AC:  9    Str: 18    XL:     4   Next: 24%
Magic:  4/4        EV:  9    Int:  9    God:
Gold:   83         SH:  0    Dex: 12    Spells: 3/3 levels left

rFire   . . .      SeeInvis .   k - +0 triple sword
rCold   . . .      Faith    .   (shield currently unavailable)
rNeg    . . .      Spirit   .   b - +0 scale mail
rPois   .          Reflect  .   (no helmet)
rElec   .          Harm     .   (no cloak)
rCorr   .          Rampage  .   (no gloves)
Will    .....                   p - +1 pair of boots
Stlth   ..........              (no amulet)
HPRegen 0.11/turn               (no ring)
MPRegen 0.09/turn               (no ring)

@: no status effects
A: no striking features
a: no special abilities


You were on level 2 of the Dungeon.
You visited 1 branch of the dungeon, and saw 2 of its levels.

You collected 83 gold pieces.

Inventory:

Hand Weapons
 a - a +0 long sword
 k - a +0 triple sword (weapon)
Armour
 b - a +0 scale mail (worn)
 c - a +0 buckler
 j - an orb of wrath
 p - a +1 pair of boots (worn)
Jewellery
 e - a ring of protection from cold
 f - a ring of fire
 h - a ring of willpower
Scrolls
 i - a scroll of brand weapon {unknown}
 l - 3 scrolls of magic mapping {unknown}
 n - a scroll of poison {unknown}
 o - a scroll of amnesia {unknown}
 q - a scroll of identify {unknown}
Potions
 d - a potion of might
 g - a potion of berserk rage {unknown}
 m - a potion of invisibility {unknown}
 r - a potion of haste {unknown}


   Skills:
 + Level 3.3 Fighting
 + Level 2.5 Long Blades
 + Level 3.5 Armour
 + Level 1.0 Dodging
 - Level 3.4 Shields


You had 3 spell levels left.
You didn't know any spells.
Your spell library contained the following spells:

 Spells                   Type           Power      Damage    Failure   Level
 Ignite Poison            Fire/Tmut/Pois 0%         N/A       98%         3
 Mephitic Cloud           Conj/Pois/Air  0%         N/A       98%         3
 Freezing Cloud           Conj/Ice/Air   0%         6-21      100%        5


Dungeon Overview and Level Annotations

Branches:
Dungeon (2/15)

Altars:
Cheibriados

Annotations:
D:2 Robin


Message History

A goblin comes into view. It is wielding a +0 dagger.
You slice the goblin!!
You kill the goblin!
The goblin hits you with a +0 dagger.
The goblin hits you but does no damage. x2
Robin throws the goblin at you!
You hit Robin but do no damage. The goblin hits you but does no damage.
Robin throws the goblin at you!
The goblin hits you but does no damage. x2
The goblin misses you. The goblin completely misses you.
The goblin hits you but does no damage. Robin misses you.
You miss the goblin.
The goblin hits you but does no damage. x2
The goblin hits you with a +0 dagger. The goblin hits you but does no damage.
The goblin barely misses you.
The goblin hits you but does no damage. x2
Robin misses you.
You hit the goblin.
The goblin is heavily wounded.
The goblin hits you but does no damage. x2; The goblin barely misses you.
The goblin completely misses you.
Robin roars a battlecry!
The goblins go into a battle-frenzy!
You hit Robin but do no damage.
The goblin hits you but does no damage. x2
Robin hits you but does no damage. The goblin hits you but does no damage.
The goblin hits you with a +0 club. The goblin closely misses you.
The goblin hits you but does no damage. The goblin hits you with a +0 dagger.
* * * LOW HITPOINT WARNING * * *
The goblin hits you with a +0 dagger.
* * * LOW HITPOINT WARNING * * *
The goblin hits you but does no damage. The goblin closely misses you.
You closely miss Robin. The goblin closely misses you. x2
The goblin hits you but does no damage. The goblin barely misses you.
The goblin hits you but does no damage. The goblin completely misses you.
The goblin hits you but does no damage. The goblin misses you.
The goblin hits you but does no damage. x2; Robin hits you but does no damage.
You slash Robin!
Robin is severely wounded.
The goblin hits you with a +0 dagger.
* * * LOW HITPOINT WARNING * * *
The goblin hits you but does no damage. Robin hits you with a +0 dagger.
* * * LOW HITPOINT WARNING * * *
The goblin hits you with a +0 dagger.
You die...

#..........##.##.###.###########
###.###...)##.##.# #............
..#####.(.....# ############# #
.# #.......#### #.
[#####..........#
#..................#######
##...#####................# ##
.......>......ggg.........# #.
$..........)).g@g.........# #.
!...)...........g.........# #.
.#..$#.###..###.....#.....# ##
#..g.......###.....####### #
#.g.#.####..........# ### #gg.#.
###...)....### #.. ..g ..
####...#...### #.# .g. ..
#.#####...# #.#
#...#...#.#####.#


You could see Robin and 5 goblins.

Vanquished Creatures
  An adder (D:2)
  A dart slug (D:2)
  3 ball pythons
  4 bats
  3 endoplasms
  8 goblins
  A hobgoblin (D:2)
  12 jackals
  A quokka (D:2)
  A frilled lizard (D:1)
  2 kobolds (D:1)
  4 rats
41 creatures vanquished.

Notes
Turn   | Place    | Note
-------+----------+-------------------------------------------
     0 | D:1      | pacmanke6689 the Human Fighter began the quest for the Orb.
     0 | D:1      | Reached XP level 1. HP: 18/18 MP: 1/1
   186 | D:1      | Reached XP level 2. HP: 24/24 MP: 2/2
  1009 | D:1      | Reached XP level 3. HP: 23/29 MP: 3/3
  1384 | D:2      | Found a snail-covered altar of Cheibriados.
  1560 | D:2      | Reached XP level 4. HP: 35/35 MP: 4/4
  1646 | D:2      | Noticed Robin
  1659 | D:2      | Reached skill level 1 in Dodging
  1668 | D:2      | HP: 1/35 [Robin/+0 dagger (2)]
  1668 | D:2      | Slain by a goblin

Illustrated notes

Levels and vault maps discovered:
D:1:      matt_arrival_grand_opening, layout_basic, roderic_lattice_a
D:2:      layout_loops_cross, basic_altar, minmay_box_of_dots, uniq_jessica,
          uniq_robin

Skill      XL: |  1  2  3  4 |
---------------+-------------+-----
Dodging        | 1 |  1.0
Fighting       | |  3.3
Long Blades    | |  2.5
Armour         | |  3.5
Shields        | |  3.4

Action                   |  1- 3 |  4- 6 || total
-------------------------+-------+-------++-------
Melee: Long sword        |   110 |       ||   110
       Triple sword      |       |    14 ||    14
  Use: Scroll            |     2 |       ||     2
Armor: Scale mail        |    77 |    53 ||   130
Dodge: Dodged            |    67 |    31 ||    98
Block: Buckler           |    35 |       ||    35
